 Dungeon Crawl Stone Soup version 0.29.1-14-g9c671dbff4 (webtiles) character file.

Game seed: 9099384441610448482

1073 protoss039 the Digger (level 8, 60/60 HPs)
             Began as a Demonspawn Earth Elementalist on Feb 18, 2023.
             Was an Initiate of Vehumet.
             Got out of the dungeon alive.
             The game lasted 00:06:39 (6443 turns).

protoss039 the Digger (DsEE)                        Turns: 6443, Time: 00:06:40

Health: 60/60      AC: 10    Str: 10    XL:     8   Next: 7%
Magic:  14/14      EV: 16    Int: 19    God:    Vehumet [......]
Gold:   196        SH:  4    Dex: 16    Spells: 9/15 levels left

rFire   . . .      SeeInvis .   s - +0 spear (vorpal)
rCold   . . .      Faith    .   (no shield)
rNeg    . . .      Spirit   .   w - +1 robe of Heresy {Rampage Str+2}
rPois   .          Reflect  .   (helmet restricted)
rElec   .          Harm     .   C - +1 cloak {Will+}
rCorr   .          Rampage  +   y - +0 pair of gloves
Will    +....                   (no boots)
Stlth   +++.......              (no amulet)
HPRegen 0.20/turn               r - +4 ring of evasion
MPRegen 0.14/turn               (no ring)

@: no status effects
A: horns 1, thin skeletal structure 1, icemail 1, condensation shield
a: Renounce Religion


You escaped.
You worshipped Vehumet.
Vehumet was noncommittal.
You visited 2 branches of the dungeon, and saw 6 of its levels.
You also visited: Sewer.

You collected 196 gold pieces.

Inventory:

Hand Weapons
 s - a +0 vorpal spear (weapon)
 B - a +4 quarterstaff of chaos
Armour
 f - a +3 ring mail
 w - the +1 robe of Heresy (worn) {Rampage Str+2}
   (You found it on level 4 of the Dungeon)

   Str:       It affects your strength (+2).
   Rampage:   It bestows one free step when moving towards enemies.
 y - a +0 pair of gloves (worn)
 C - a +1 cloak of willpower (worn)
Magical Staves
 D - a staff of cold
Jewellery
 r - a +4 ring of evasion (left hand)
Wands
 u - a wand of iceblast (7)
Scrolls
 a - 5 scrolls of identify {unknown}
 e - 2 scrolls of magic mapping {unknown}
 h - 5 scrolls of teleportation {unknown}
 j - 2 scrolls of noise {unknown}
 l - a scroll of enchant armour {unknown}
 m - a scroll of silence {unknown}
 n - 2 scrolls of poison {unknown}
 o - a scroll of summoning {unknown}
 x - 3 scrolls of butterflies {unknown}
Potions
 b - a potion of magic
 c - 2 potions of berserk rage {unknown}
 d - 2 potions of might {unknown}
 g - a potion of ambrosia {unknown}
 i - 4 potions of lignification {unknown}
 k - 2 potions of curing {unknown}
 p - a potion of invisibility {unknown}
 q - 2 potions of haste {unknown}
 t - 2 potions of cancellation {unknown}
 v - a potion of flight {unknown}
 z - a potion of resistance {unknown}
 A - a potion of heal wounds {unknown}
 E - a potion of brilliance {unknown}


   Skills:
 + Level 4.1 Fighting
 + Level 3.4 Armour
 - Level 1.7 Dodging
 - Level 1.7 Stealth
 + Level 4.4 Spellcasting
 * Level 3.3 Conjurations
 - Level 1.0 Transmutations
 + Level 4.9 Earth Magic


You had 9 spell levels left.
You knew the following spells:

 Your Spells              Type           Power      Damage    Failure   Level
a - Sandblast             Erth           44%        2d11      1%          1
b - Passwall              Tmut/Erth      12%        N/A       6%          2
c - Stone Arrow           Conj/Erth      38%        3d9       7%          3

Your spell library contained the following spells:

 Spells                   Type           Power      Damage    Failure   Level
 Petrify                  Tmut/Erth      15%        N/A       36%         4
 Olgreb's Toxic Radiance  Pois           4%         N/A       78%         4
 Ozocubu's Refrigeration  Ice            2%         4d7       100%        7
 Ignition                 Fire           2%         3d3       100%        8


Dungeon Overview and Level Annotations

Branches:
Dungeon (5/15) Zot: 23967  Temple (1/1) D:5 Zot: 5891   Sewer (visited)

Altars:
Cheibriados
Dithmenos
Fedhas
Gozag
Hepliaklqana
Kikubaaqudgha
Makhleb
Nemelex Xobeh
Trog
Vehumet
Xom


Innate Abilities, Weirdness & Mutations

You have a pair of small horns on your head.
You have a somewhat thin skeletal structure. (Dex +2, Stealth+)
A meltable icy envelope protects you from harm. (AC +4)
A meltable shield of frost defends you. (SH +4)


Message History

Aiming: Stone Arrow (dangerous; 8% risk of failure)
Press: ? - help, Shift-Dir - straight line The stone arrow hits something!!
Vehumet accepts your kill.
Reactivating autopickup.
You feel a bit more experienced.
Casting: Stone Arrow (dangerous; 7% risk of failure)
Confirm with . or Enter, or press ? or * to list all spells.
Aiming: Stone Arrow (dangerous; 7% risk of failure)
Press: ? - help, Shift-Dir - straight line Unknown command.
You see here a +0 club.
There is a stone staircase leading up here.
You climb upwards.
There is a stone staircase leading down here.
(D) Dungeon (T) Temple
Where to? (Enter - D:5 @ (x,y), ? - help)
What level of the Dungeon? (default 1, ? - help) HP restored.
Magic restored.
There is a stone staircase leading up here.
You climb upwards.
There is a stone staircase leading down here.
There is a large open door here.
There is a large open door here.
There is a stone staircase leading up here.
You climb upwards.
There is a stone staircase leading down here.
You see here a +0 club.
You see here a +0 club.
You see here a +0 dagger.
There is a stone staircase leading up here.
You climb upwards.
There is a stone staircase leading down here.
You can't go up here!
You see here 4 stones.
You see here 2 stones.
There is a staircase leading out of the dungeon here.
Are you sure you want to leave the Dungeon?
This will make you lose the game!
You have escaped!

..........#
#########.# # #.# #
###.# #
#...#################
#
#.#.................#
#
#(#################.#
#
#..♣♣♣♣♣♣♣♣♣♣♣♣♣♣♣..#
#
#.........@.........#
#
##.♣♣♣♣♣♣♣♣♣♣♣♣♣♣♣.##
# ### ### ### #.# #.#
######.# #......#
#.###### ### #.#


There were no monsters in sight!

Vanquished Creatures
  A water moccasin (D:5)
  2 ice beasts (D:5)
  2 phantoms (D:5)
  A scorpion (D:5)
  A necrophage (D:5)
  A howler monkey (D:5)
  3 hounds
  Crazy Yiuf (D:4)
  An iguana (D:4)
  2 orc wizards (D:5)
  4 gnolls (D:2)
  15 adders
  A river rat (D:4)
  A worm (D:2)
  4 dart slugs
  11 orcs
  9 ball pythons
  5 bats
  11 endoplasms
  A giant cockroach (D:4)
  6 goblins
  4 hobgoblins
  4 jackals
  6 kobolds
  2 quokkas (D:3)
  7 frilled lizards
  9 rats
115 creatures vanquished.

Notes
Turn   | Place    | Note
-------+----------+-------------------------------------------
     0 | D:1      | protoss039 the Demonspawn Earth Elementalist began the
                  | quest for the Orb.
     0 | D:1      | Reached XP level 1. HP: 13/13 MP: 3/3
    94 | D:1      | You fall into a shaft and drop 1 floor!
   158 | D:2      | Gained mutation: A meltable shield of frost defends you.
                  | (SH +4) [demonic ancestry]
   158 | D:2      | Reached XP level 2. HP: 14/20 MP: 0/5
   530 | D:1      | Reached skill level 1 in Fighting
  1102 | D:1      | Found a faded altar of an unknown god.
  1177 | D:1      | Reached XP level 3. HP: 26/26 MP: 4/6
  1563 | D:2      | Reached skill level 1 in Armour
  1638 | D:2      | Reached XP level 4. HP: 32/32 MP: 4/8
  2436 | D:3      | Gained mutation: A meltable icy envelope protects you from
                  | harm. (AC +4) [demonic ancestry]
  2436 | D:3      | Reached XP level 5. HP: 29/38 MP: 5/9
  2946 | D:3      | Found a shadowy altar of Dithmenos.
  3347 | D:3      | Learned a level 2 spell: Passwall
  3426 | D:4      | Reached skill level 1 in Transmutations
  3435 | D:4      | Identified the +1 robe of Heresy {Rampage Str+2}
  3672 | D:4      | Reached XP level 6. HP: 46/46 MP: 7/11
  3848 | D:4      | Found a glowing drain.
  3886 | Sewer    | Entered a sewer
  4417 | D:4      | Found a runed translucent door.
  4418 | D:4      | Noticed Crazy Yiuf
  5049 | D:4      | Killed Crazy Yiuf
  5204 | D:4      | Learned a level 3 spell: Stone Arrow
  5205 | D:5      | Entered Level 5 of the Dungeon
  5322 | D:5      | Gained mutation: You have a pair of small horns on your
                  | head. [demonic ancestry]
  5322 | D:5      | Reached XP level 7. HP: 52/52 MP: 6/12
  5429 | D:5      | Found a snail-covered altar of Cheibriados.
  5431 | D:5      | Found an opulent altar of Gozag.
  5431 | D:5      | Found a sparkling altar of Nemelex Xobeh.
  5435 | D:5      | Reached skill level 1 in Conjurations
  5870 | D:5      | Found a staircase to the Ecumenical Temple.
  5971 | Temple   | Entered the Ecumenical Temple
  6070 | Temple   | Became a worshipper of Vehumet
  6088 | D:5      | Found a shimmering altar of Xom.
  6157 | D:5      | Gained mutation: You have a somewhat thin skeletal
                  | structure. (Dex +2, Stealth+) [demonic ancestry]
  6157 | D:5      | Reached XP level 8. HP: 60/60 MP: 2/14
  6443 | D:$      | Got out of the dungeon alive.

Illustrated notes

Levels and vault maps discovered:
D:1:      eino_arrival_tree_alley, layout_loops_ring,
          shapermc_ecumenical_altar_mp_highgroup
D:2:      layout_basic
D:3:      layout_basic, lemuel_coloured_pillars_altar,
          kennysheep_generic_room_15
D:4:      layout_layer_cave, portal_sewer_entry_c, uniq_crazy_yiuf_cottage
D:5:      layout_loops_ring, old_standard_altar, grunt_temple_overflow_open,
          mainiacjoe_overflow_alcove_4, temple_green
Temple:   nicolae_temple_superstar

Skill      XL: |  1  2  3  4  5  6  7 |
---------------+----------------------+-----
Fighting       | 1 2 3 4 |  4.1
Earth Magic    | 3 4 |  4.9
Armour         | 1 2 3 |  3.4
Spellcasting   | 3 4 |  4.4
Transmutations | 1 |  1.0
Conjurations   | 3 |  3.3
Dodging        | |  1.7
Stealth        | |  1.7

Action                   |  1- 3 |  4- 6 |  7- 9 || total
-------------------------+-------+-------+-------++-------
Melee: Unarmed           |     8 |       |       ||     8
       Dagger            |     8 |       |       ||     8
       Punch             |     1 |     3 |     1 ||     5
       Spear             |       |   148 |    29 ||   177
       Staff             |       |       |    11 ||    11
       Headbutt          |       |       |     4 ||     4
 Cast: Sandblast         |    50 |    72 |    34 ||   156
       Stone Arrow       |       |     1 |     7 ||     8
 Stab: Distracted        |       |     1 |       ||     1
       Sleeping          |       |     6 |     2 ||     8
Armor: Ring mail         |    20 |    32 |       ||    52
       Robe              |       |    24 |    44 ||    68
Dodge: Dodged            |    25 |   140 |    73 ||   238
Block: Other             |    12 |    29 |    26 ||    67
